 Dungeon Crawl Stone Soup version 0.31-a0-200-gbc41564c69 (webtiles) character file.

Game seed: 4885929883904860066

42 qw the Shooter (level 3, 0/20 HPs)
             Began as a Deep Elf Hunter on June 25, 2023.
             Succumbed to an adder's poison
             ... on level 2 of the Dungeon.
             The game lasted 00:00:25 (1373 turns).

qw the Shooter (Deep Elf Hunter)                    Turns: 1373, Time: 00:00:26

Health: 0/20       AC:  6    Str: 10    XL:     3   Next: 33%
Magic:  5/5        EV:  9    Int: 13    God:
Gold:   45         SH:  0    Dex: 18    Spells: 2/2 levels left

rFire   . . .        Y - +1 shortbow
rCold   . . .        (shield currently unavailable)
rNeg    . . .        g - +0 scale mail
rPois   .            (no helmet)
rElec   .            (no cloak)
rCorr   .            (no gloves)
SInv    .            (no boots)
Will    .....        (no amulet)
Stlth   +            (no ring)
HPRegen 0.23/turn    (no ring)
MPRegen 0.09/turn

%: no passive effects
@: lethally poisoned (0 -> -4)
A: no striking features
a: no special abilities


You were on level 2 of the Dungeon.
You visited 1 branch of the dungeon, and saw 2 of its levels.

You collected 86 gold pieces.
You spent 41 gold pieces at shops.


   Skills:
 - Level 1.5 Fighting
 + Level 6.9 Ranged Weapons
 - Level 2.4 Dodging
 - Level 1.2 Stealth


You had 2 spell levels left.
You didn't know any spells.
Your spell library was empty.

Inventory:

Hand Weapons
 Y - a +1 shortbow (weapon)
Armour
 g - a +0 scale mail (worn)
Scrolls
 a - a scroll of identify
Potions
 d - a potion of mutation {unknown}
 j - a potion of lignification {unknown}
 l - a potion of curing {unknown}

Dungeon Overview and Level Annotations

Branches:
Dungeon (2/15)

Altars:

Shops:
D:1 *!   D:2 =


Message History

The adder barely misses you.
You shoot an arrow. The arrow barely misses the adder.
The adder barely misses you.
You shoot an arrow. The arrow hits the adder.
The adder is heavily wounded.
The adder bites you. The adder barely misses you.
You shoot an arrow.
The arrow hits the adder but does no damage.
The adder is moderately wounded.
The adder closely misses you. The adder barely misses you.
You shoot an arrow. The arrow completely misses the adder.
The adder bites you.
You are poisoned.
The adder poisons you! The adder bites you but does no damage.
You shoot an arrow. The arrow closely misses the adder.
You feel sick. The adder bites you but does no damage.
You shoot an arrow. The arrow hits the adder.
The adder is heavily wounded.
You feel sick.
The adder bites you but does no damage. x2
You shoot an arrow. The arrow barely misses the adder.
You feel sick. The adder closely misses you. The adder bites you.
You shoot an arrow. The arrow closely misses the adder.
You feel sick.
You are no longer poisoned.
The adder bites you but does no damage. The adder bites you.
You are poisoned.
The adder poisons you!
You shoot an arrow. The arrow closely misses the adder.
You feel sick. The adder barely misses you. The adder bites you.
You are lethally poisoned!
The adder poisons you!
You shoot an arrow. The arrow hits the adder!
You kill the adder!
You feel very sick.
There is a lethal amount of poison in your body!
You feel sick.
There is a lethal amount of poison in your body!
You feel sick.
There is a lethal amount of poison in your body!
You die...

###.##### #.....
........# ##.####
#.......###...##
#.###.#.##.....## #
#.##.............
..#.####.###....#.....##
#.....#.......###...##
#.##.........####.##
#....@#####.......#
####..# #.....######
#..# #........... #..#
#.###.###### #..# #.#
#.# # #.). #.# ## #..#
#.# ##. #..# #.# #.. #.#
#..


There were no monsters in sight!

Vanquished Creatures
  2 adders (D:2)
  2 worms (D:2)
  An endoplasm (D:1)
  2 goblins
  2 hobgoblins
  2 kobolds
  5 ball pythons
  3 bats
  A frilled lizard (D:2)
  3 rats
23 creatures vanquished.

Notes
Turn   | Place    | Note
-------+----------+-------------------------------------------
     0 | D:1      | qw the Deep Elf Hunter began the quest for the Orb.
     0 | D:1      | Reached XP level 1. HP: 12/12 MP: 3/3
     0 | D:1      | 0 ||| qw: Version: 0.3-a-22-g0ed2b0b
     0 | D:1      | 0 ||| qw: Game counter: 5614
     0 | D:1      | 0 ||| qw: Melee chars always use a shield: true
     0 | D:1      | 0 ||| qw: God list: Okawaru
     0 | D:1      | 0 ||| qw: Allow faded altars: false
     0 | D:1      | 0 ||| qw: Do Orc after clearing Dungeon:15 true
     0 | D:1      | 0 ||| qw: Do second Lair branch before Depths: true
     0 | D:1      | 0 ||| qw: Lair rune preference: random
     0 | D:1      | 0 ||| qw: Goals: Normal
     0 | D:1      | 0 ||| PLANNING D:1-11
   297 | D:1      | Found Vapoz's Distillery.
   310 | D:1      | 310 ||| SHOPLISTING 2 potions of curing (84 gold, have 36).
   310 | D:1      | 310 ||| SHOPLISTING potion of curing (42 gold, have 36).
   310 | D:1      | 310 ||| SHOPLISTING potion of enlightenment (70 gold, have
                  | 36).
   310 | D:1      | 310 ||| SHOPLISTING potion of haste (140 gold, have 36).
   310 | D:1      | 310 ||| SHOPLISTING potion of might (56 gold, have 36).
   451 | D:1      | Found Osykhos's Assorted Antiques.
   460 | D:1      | Reached skill level 6 in Ranged Weapons
   460 | D:1      | Reached XP level 2. HP: 16/16 MP: 4/4
   465 | D:1      | 465 ||| BUYING fuming red potion (19 gold).
   465 | D:1      | Bought a fuming red potion for 19 gold pieces
   465 | D:1      | 465 ||| SHOPLISTING glowing leather armour (110 gold, have
                  | 42).
   465 | D:1      | 465 ||| SHOPLISTING pair of boots (99 gold, have 42).
   465 | D:1      | 465 ||| BUYING scroll labelled JEQUOG XAEMIGIO (22 gold).
   465 | D:1      | Bought a scroll labelled JEQUOG XAEMIGIO for 22 gold pieces
   465 | D:1      | 465 ||| SHOPLISTING scroll labelled KIPSIFREJOT (22 gold,
                  | have 20).
   465 | D:1      | 465 ||| SHOPLISTING scroll labelled YZEERE JAITS (22 gold,
                  | have 20).
   465 | D:1      | 465 ||| SHOPLISTING scroll labelled ZOARIL RUX REX FIO (22
                  | gold, have 20).
   921 | D:1      | 921 ||| UPGRADING to +0 scale mail.
   931 | D:1      | 931 ||| DROPPING +0 leather armour.
   932 | D:1      | 932 ||| READING scroll labelled IPHYAN EWUIL.
   933 | D:1      | 933 ||| READING scroll labelled KIPSIFREJOT.
   936 | D:1      | 936 ||| READING 2 scrolls labelled DOOSYD FUPLAMP.
   937 | D:1      | 937 ||| READING scroll labelled YZEERE JAITS.
   938 | D:1      | 938 ||| READING scroll labelled SEANTI UCOMUQO.
   939 | D:1      | 939 ||| READING scroll labelled JEQUOG XAEMIGIO.
   940 | D:1      | 940 ||| READING scroll labelled BADAUR VUNINNU.
   941 | D:1      | 941 ||| DROPPING scroll of butterflies.
   942 | D:1      | 942 ||| DROPPING scroll of fear.
   953 | D:2      | Found a faded altar of an unknown god.
  1110 | D:2      | Found Viokag's Jewellery Shoppe.
  1117 | D:2      | 1117 ||| SHOPLISTING amulet of faith (520 gold, have 32).
  1117 | D:2      | 1117 ||| SHOPLISTING ring "Dyonor" {Str+6 Int+3} (640 gold,
                  | have 32).
  1117 | D:2      | 1117 ||| SHOPLISTING ring of positive energy (260 gold,
                  | have 32).
  1117 | D:2      | 1117 ||| SHOPLISTING ring of protection from fire (325
                  | gold, have 32).
  1275 | D:2      | Reached XP level 3. HP: 18/20 MP: 5/5
  1370 | D:2      | HP: 3/20 [poisoned by an adder]
  1371 | D:2      | HP: 1/20 [poisoned by an adder]
  1373 | D:2      | Succumbed to an adder's poison

Levels and vault maps discovered:
D:1:      erik_arrival_cave_to_civilisation [erik_arrival_cave_to_hall],
          layout_basic, serial_shops, nicolae_shop_tiny_glass,
          nicolae_shop_waterfront
D:2:      layout_loops_ring, basic_ecumenical_altar, serial_shops, shop

Skill      XL: |  1 |
---------------+----+-----
Ranged Weapons | 6 |  6.9
Fighting       | |  1.5
Dodging        | |  2.4
Stealth        | |  1.2

Action                     || total
---------------------------++-------
   Fire: Shortbow          ||    83
    Use: Scroll            ||     7
 Armour: Leather armour    ||     2
         Scale mail        ||    12
  Dodge: Dodged            ||    19

Table legend:
 A = Non-vault XP
 B = Vault XP
 C = Vault XP percentage of total XP
 D = Non-vault monster count
 E = Vault monster count
 F = Vault count percentage of total count
                 A         B        C        D         E       F
            +---------+---------+-------+---------+---------+-------
      Total |      57 |       3 |   5.0 |      21 |       2 |   8.7
            +---------+---------+-------+---------+---------+-------
        D:1 |      10 |       3 |  23.1 |       7 |       2 |  22.2
        D:2 |      47 |       0 |   0.0 |      14 |       0 |   0.0
            +---------+---------+-------+---------+---------+-------
